 Dungeon Crawl Stone Soup version 0.24-a0-274-gb3763e6 (webtiles) character file.

Game seed: 614798264864847453

211 Hylith the Chopper (level 5, -7/48 HPs)
             Began as a Hill Orc Monk on Apr 26, 2019.
             Was a Believer of Beogh.
             Killed by nerve-wracking pain
             ... invoked by an orc priest
              (10 damage)
             ... on level 4 of the Dungeon.
             The game lasted 00:04:38 (2718 turns).

Hylith the Chopper (Hill Orc Monk)                  Turns: 2718, Time: 00:04:39

Health: -7/48      AC:  6    Str: 15    XL:     5   Next: 88%
Magic:  5/5        EV: 10    Int: 10    God:    Beogh [**....]
Gold:   226        SH:  0    Dex: 13    Spells: 4/4 levels left

rFire    . . .     SeeInvis .   a - +0 hand axe
rCold    . . .     Gourm    .   (no shield)
rNeg     . . .     Faith    .   k - +0 scale mail
rPois    .         Spirit   .   (no helmet)
rElec    .         Reflect  .   o - scarf {repulsion}
rCorr    .         Harm     .   (no gloves)
MR       .....                  (no boots)
Stlth    ..........             (no amulet)
HPRegen  0.16/turn              t - ring of attention (curse)
MPRegen  0.09/turn              (no ring)

@: repel missiles
A: no striking features
a: Smiting, Renounce Religion


You were on level 4 of the Dungeon.
You worshipped Beogh.
Beogh was pleased with you.
You were very hungry.

You visited 1 branch of the dungeon, and saw 4 of its levels.

You collected 226 gold pieces.

Inventory:

Hand Weapons
 a - a +0 hand axe (weapon)
 p - a +0 spear of piercing
 s - a +0 falchion of draining
Armour
 k - a +0 scale mail (worn)
 o - a scarf of repulsion (worn)
Jewellery
 h - a +3 ring of dexterity {unknown}
 t - a cursed ring of attention (left hand)
Scrolls
 e - 3 scrolls of magic mapping {unknown}
 g - 2 scrolls of teleportation {unknown}
 j - 2 scrolls of remove curse {unknown}
 l - a scroll of identify {unknown}
 m - a scroll of enchant armour {unknown}
 n - 2 scrolls of amnesia {unknown}
 r - a scroll of fog {unknown}
 u - 2 scrolls of immolation {unknown}
Potions
 b - a potion of resistance {unknown}
 d - 2 potions of lignification {unknown}
 f - a potion of brilliance {unknown}
 i - 2 potions of degeneration {unknown}
 q - 7 potions of curing {unknown}
Comestibles
 c - 4 rations


   Skills:
 + Level 5.1 Fighting
 + Level 5.4 Axes
 + Level 2.7 Armour
 - Level 3.0 Dodging
 - Level 2.0 Stealth


You had 4 spell levels left.
You didn't know any spells.
Your spell library was empty.

Dungeon Overview and Level Annotations

Branches:
Dungeon (4/15)
 Temple: D:4-7

Altars:
Dithmenos
Elyvilon
Gozag
Kikubaaqudgha
Nemelex Xobeh
Sif Muna


Message History

The orc priest hits you but does no damage.
You hit the orc priest but do no damage.
The orc priest is heavily wounded.
The orc priest misses you.
You hit the orc priest but do no damage.
The orc priest is heavily wounded.
The orc priest miscasts a cantrip.
Your scale mail prevents you from hitting the orc priest.
The orc priest is heavily wounded.
The orc priest hits you with a cursed -2 club.
* * * LOW HITPOINT WARNING * * *
You hit the orc priest.
The orc priest is severely wounded.
The orc priest closely misses you.
You hit the orc priest but do no damage.
The orc priest is severely wounded.
The orc priest mumbles some strange prayers to Beogh against you.
Pain shoots through your body!
You die...
Beogh appreciates the orc priest's killing of a heretic priest.

###.###...##### ##......
#...>##...# ####.......
#<.......### .)........
#.....#..#.. #........
#.......##.# #........
#.......##.# #........
......##..#.#####........
.##...####................
#...#.o@...######.......
#.....###### #.....<..
#...# #........ #..
#........ # #.....^..
#........ ##.......
##...... #######


You could see an orc priest.

Vanquished Creatures
  A centaur zombie (D:2)
  An orc wizard (D:4)
  A worker ant (D:3)
  4 adders
  4 worms
  3 dart slugs
  A leopard gecko (D:2)
  3 orcs
  10 bats
  3 giant cockroaches
  8 goblins
  3 hobgoblins
  3 jackals (D:2)
  10 kobolds
  2 quokkas (D:3)
  2 ball pythons (D:1)
  4 frilled lizards
  12 rats
75 creatures vanquished.

Vanquished Creatures (others)
  An orc priest (D:3)
  6 orcs (D:3)
7 creatures vanquished.

Grand Total: 82 creatures vanquished

Notes
Turn   | Place    | Note
-------+----------+-------------------------------------------
     0 | D:1      | Hylith the Hill Orc Monk began the quest for the Orb.
     0 | D:1      | Reached XP level 1. HP: 19/19 MP: 1/1
   257 | D:1      | Reached XP level 2. HP: 27/27 MP: 2/2
   502 | D:1      | Reached XP level 3. HP: 33/33 MP: 3/3
   861 | D:2      | Reached skill level 1 in Armour
   913 | D:2      | Found an opulent altar of Gozag.
  1337 | D:2      | Reached XP level 4. HP: 33/40 MP: 4/4
  1525 | D:2      | Found a deep blue altar of Sif Muna.
  1822 | D:3      | Became a worshipper of Beogh the Brigand
  1822 | D:3      | Reached * piety under Beogh
  1822 | D:3      | Reached ** piety under Beogh
  1979 | D:3      | Reached XP level 5. HP: 47/47 MP: 5/5
  1984 | D:3      | Reached skill level 5 in Axes
  2455 | D:3      | Found a white marble altar of Elyvilon.
  2481 | D:3      | Found an ancient bone altar of Kikubaaqudgha.
  2482 | D:3      | Found a shadowy altar of Dithmenos.
  2493 | D:3      | Found a sparkling altar of Nemelex Xobeh.
  2699 | D:4      | Reached skill level 5 in Fighting
  2716 | D:4      | HP: 2/48 [orc priest/cursed -2 club (3)]
  2718 | D:4      | Killed from afar by an orc priest

Levels and vault maps discovered:
D:1:      scummos_arrival_checkerplants, layout_basic, minmay_misc_feat_iff,
          hangedman_feature_mirror
D:2:      layout_rooms, overflow_temple_1_default, marbit_many_paths,
          kennysheep_crisscross
D:3:      layout_basic, grunt_temple_overflow_cloverleaf, chequers_mini_garden,
          eino_tiny_chamber
D:4:      layout_rooms, nicolae_overflow_crystal_walls, first_ration,
          uniq_robin, uniq_pikel, uniq_ijyb

Skill      XL: |  1  2  3  4  5 |
---------------+----------------+-----
Fighting       | 4 5 |  5.1
Stealth        | 2 |  2.0
Armour         | 1 2 |  2.7
Dodging        | 3 |  3.0
Axes           | 5 |  5.4

Action                   |  1- 3 |  4- 6 || total
-------------------------+-------+-------++-------
Melee: Hand axe          |   138 |   153 ||   291
Invok: Convert to Beogh  |       |     1 ||     1
 Stab: Sleeping          |     1 |       ||     1
  Eat: Chunk             |     2 |     3 ||     5
Armor: Robe              |     3 |       ||     3
       Ring mail         |    63 |       ||    63
       Scale mail        |     4 |    50 ||    54
Dodge: Dodged            |    99 |    84 ||   183
       Deflected         |       |     1 ||     1

Table legend:
 A = Non-vault XP
 B = Vault XP
 C = Vault XP percentage of total XP
 D = Non-vault monster count
 E = Vault monster count
 F = Vault count percentage of total count
                 A         B        C        D         E       F
            +---------+---------+-------+---------+---------+-------
      Total |     293 |       9 |   3.0 |      68 |       7 |   9.3
            +---------+---------+-------+---------+---------+-------
        D:1 |      37 |       8 |  17.8 |      25 |       6 |  19.4
        D:2 |     105 |       1 |   0.9 |      19 |       1 |   5.0
        D:3 |     108 |       0 |   0.0 |      22 |       0 |   0.0
        D:4 |      43 |       0 |   0.0 |       2 |       0 |   0.0
            +---------+---------+-------+---------+---------+-------
